 Dungeon Crawl Stone Soup version 0.29.0-4-gdea44cf6ec (webtiles) character file.

Game seed: 1625506905148851041

350 qw the Chopper (level 6, -2/35 HPs)
             Began as a Tengu Warper on Aug 28, 2022.
             Slain by Edmund
             ... wielding a +2 dire flail of protection
              (3 damage)
             ... on level 4 of the Dungeon.
             The game lasted 00:00:22 (4027 turns).

qw the Chopper (Tengu Warper)                       Turns: 4027, Time: 00:00:22

Health: -2/35      AC: 12    Str: 13    XL:     6   Next: 61%
Magic:  10/10      EV:  5    Int: 13    God:
Gold:   75         SH:  0    Dex: 20    Spells: 9/9 levels left

rFire   . . .      SeeInvis .   Y - +2 hand axe
rCold   . . .      Faith    .   (no shield)
rNeg    + . .      Spirit   .   b - +0 plate armour
rPois   .          Reflect  .   (helmet restricted)
rElec   .          Harm     .   g - +1 cloak
rCorr   .          Rampage  .   (no gloves)
Will    .....                   (boots unavailable)
Stlth   ..........              (no amulet)
HPRegen 0.11/turn               m - +6 ring of dexterity
MPRegen 0.12/turn               p - ring of positive energy

@: flying quickly and evasively, quick
A: beak, talons 3, nimble flight
a: no special abilities


You were on level 4 of the Dungeon.
You visited 1 branch of the dungeon, and saw 4 of its levels.

You collected 167 gold pieces.
You spent 92 gold pieces at shops.


Innate Abilities, Weirdness & Mutations

You have a beak for a mouth.
You have claws for feet.
Your magical nature lets you fly swiftly and evasively.


   Skills:
 - Level 2.0 Fighting
 - Level 7.2 Axes
 - Level 1.0 Throwing
 + Level 2.0 Armour
 - Level 2.1 Dodging
 - Level 2.0 Spellcasting
 - Level 2.4 Translocations


You had 9 spell levels left.
You didn't know any spells.
Your spell library contained the following spells:

 Spells                   Type           Power      Damage    Failure   Level
 Blink                    Tloc           14%        N/A       100%        2
 Gell's Gravitas          Tloc           7%         N/A       100%        3
 Lesser Beckoning         Tloc           7%         N/A       100%        3
 Teleport Other           Tloc           7%         N/A       100%        3
 Manifold Assault         Tloc           7%         N/A       100%        5

Inventory:

Hand Weapons
 e - a +0 mace
 Y - a +2 hand axe (weapon)
Missiles
 h - a boomerang (quivered)
Armour
 b - a +0 plate armour (worn)
 g - a +1 cloak (worn)
Jewellery
 m - a +6 ring of dexterity (left hand)
 p - a ring of positive energy (right hand)
Scrolls
 k - a scroll of identify
Potions
 o - a potion of curing {unknown}

Dungeon Overview and Level Annotations

Branches:
Dungeon (4/15)
 Temple: D:4-7

Altars:
Nemelex Xobeh
Qazlal
Ru
Sif Muna
Uskayaw
Wu Jian
Zin

Shops:
D:2 :**?

Annotations:
D:4 Edmund


Message History

The orc priest hits you but does no damage.
You closely miss the orc priest.
The orc priest is almost dead.
You barely miss Edmund.
The orc priest hits you but does no damage.
Edmund barely misses you.
You hit the orc priest.
You kill the orc priest!
You closely miss Edmund. Edmund hits you but does no damage.
Your Armour skill increases to level 2!
You hit Edmund. Your kick misses Edmund.
Edmund is lightly wounded.
Edmund hits you but does no damage.
You hit Edmund but do no damage. You claw Edmund.
Edmund is lightly wounded.
Edmund hits you with a +2 dire flail of protection!
You barely miss Edmund. You claw Edmund.
Edmund is moderately wounded.
Edmund barely misses you.
You barely miss Edmund.
Edmund is moderately wounded.
Edmund barely misses you.
You barely miss Edmund. You peck Edmund.
Edmund is moderately wounded.
Edmund hits you with a +2 dire flail of protection.
You slash Edmund! You claw Edmund.
Edmund is heavily wounded.
Edmund says, "People will remember me!
They'll remember me and die!"
Edmund hits you with a +2 dire flail of protection!
You hit Edmund but do no damage. Your kick misses Edmund.
Edmund is heavily wounded.
Edmund hits you with a +2 dire flail of protection.
You hit Edmund but do no damage.
Edmund is heavily wounded.
Edmund hits you but does no damage.
You hit Edmund but do no damage. You claw Edmund, but do no damage.
Edmund is heavily wounded.
Edmund hits you with a +2 dire flail of protection.
You die...

### # .. ..... # . .
..... # .. . ...# #
...#.#..# # ...#..## ## .
.....# <# ....##)@.###.#
.# .......@)....# .#
###.##.#)##### .# # #.#.#
.# #.##.#.#### .# #####
#.........#
.###./.########.####.)...
#.....?##.......# #...
.###......#####.# .# ##
######## #.#


You could see Edmund.

Vanquished Creatures
  Grinder (D:3)
  An orc priest (D:4)
  3 adders (D:2)
  A worm (D:3)
  3 dart slugs
  4 orcs
  6 endoplasms (D:1)
  2 giant cockroaches
  6 goblins
  7 hobgoblins
  10 jackals
  A quokka (D:2)
  5 ball pythons
  8 bats
  A frilled lizard (D:2)
  6 kobolds
  10 rats
75 creatures vanquished.

Notes
Turn   | Place    | Note
-------+----------+-------------------------------------------
     0 | D:1      | qw the Tengu Warper began the quest for the Orb.
     0 | D:1      | Reached XP level 1. HP: 12/12 MP: 4/4
     0 | D:1      | 0 ||| qw: Version: 0.1-a-89-g26bdef1
     0 | D:1      | 0 ||| qw: Game counter: 1123
     0 | D:1      | 0 ||| qw: Always use a shield: true
     0 | D:1      | 0 ||| qw: God list: Okawaru
     0 | D:1      | 0 ||| qw: Allow faded altars: false
     0 | D:1      | 0 ||| qw: Do Orc after D:15 true
     0 | D:1      | 0 ||| qw: Do second Lair branch before Depths: true
     0 | D:1      | 0 ||| qw: Lair rune preference: random
     0 | D:1      | 0 ||| qw: Plans: Normal
     0 | D:1      | 0 ||| PLANNING D:1-11
    38 | D:1      | 38 ||| Stepping ~*~*~tactically~*~*~ (stealth).
    40 | D:1      | 40 ||| Stepping ~*~*~tactically~*~*~ (stealth).
    73 | D:1      | Found a faded altar of an unknown god.
    90 | D:1      | 90 ||| Stepping ~*~*~tactically~*~*~ (stealth).
   101 | D:1      | Reached XP level 2. HP: 17/17 MP: 6/6
   101 | D:1      | 101 ||| Stepping ~*~*~tactically~*~*~ (stealth).
   102 | D:1      | 102 ||| Stepping ~*~*~tactically~*~*~ (stealth).
   106 | D:1      | 106 ||| Stepping ~*~*~tactically~*~*~ (stealth).
   113 | D:1      | Reached skill level 3 in Axes
   527 | D:1      | Reached XP level 3. HP: 21/21 MP: 7/7
   913 | D:1      | Reached skill level 4 in Axes
  1245 | D:1      | 1245 ||| UPGRADING to +0 ring mail.
  1255 | D:1      | 1255 ||| DROPPING +0 leather armour.
  1256 | D:1      | 1256 ||| UPGRADING to +6 ring of dexterity.
  1257 | D:1      | 1257 ||| UPGRADING to ring of positive energy.
  1258 | D:1      | 1258 ||| DROPPING +6 ring of intelligence.
  1259 | D:1      | 1259 ||| READING scroll labelled BOUKHE MERYESAD.
  1260 | D:1      | 1260 ||| READING 2 scrolls labelled NUPNIA WABA.
  1261 | D:1      | 1261 ||| READING scroll labelled TUAKAA HOISTE.
  1262 | D:1      | 1262 ||| READING 2 scrolls labelled UBU IRHUDYEXAJ.
  1267 | D:1      | 1267 ||| READING scroll labelled ULUHOODW YMEO.
  1268 | D:1      | 1268 ||| DRINKING 2 glowing emerald potions.
  1369 | D:1      | 1369 ||| DRINKING 2 lumpy ruby potions.
  1370 | D:1      | 1370 ||| DROPPING scroll of blinking.
  1371 | D:1      | 1371 ||| DROPPING potion of ambrosia.
  1372 | D:1      | 1372 ||| DROPPING scroll of amnesia.
  1523 | D:2      | Found Rishroawk's Assorted Antiques.
  1532 | D:2      | 1532 ||| BUYING 2 black potions (32 gold).
  1532 | D:2      | Bought 2 black potions for 32 gold pieces
  1532 | D:2      | 1532 ||| SHOPLISTING 2 potions of heal wounds (180 gold,
                  | have 48).
  1532 | D:2      | 1532 ||| BUYING bubbling inky potion (16 gold).
  1532 | D:2      | Bought a bubbling inky potion for 16 gold pieces
  1532 | D:2      | 1532 ||| BUYING scroll labelled CUEWNE ELUD (18 gold).
  1532 | D:2      | Bought a scroll labelled CUEWNE ELUD for 18 gold pieces
  1532 | D:2      | 1532 ||| SHOPLISTING scroll of identify (36 gold, have 14).
  1639 | D:2      | Reached XP level 4. HP: 26/26 MP: 8/8
  1646 | D:2      | 1646 ||| DROPPING +0 club.
  1675 | D:2      | 1675 ||| Stepping ~*~*~tactically~*~*~ (stealth).
  1689 | D:2      | Found Dewel's Magic Scroll Boutique.
  1697 | D:2      | 1697 ||| SHOPLISTING scroll of brand weapon (123 gold, have
                  | 26).
  1697 | D:2      | 1697 ||| SHOPLISTING scroll of enchant armour (97 gold,
                  | have 26).
  1697 | D:2      | 1697 ||| BUYING scroll of identify (26 gold).
  1697 | D:2      | Bought a scroll of identify for 26 gold pieces
  1697 | D:2      | 1697 ||| SHOPLISTING scroll of identify (26 gold, have 0).
  1766 | D:2      | 1766 ||| Stepping ~*~*~tactically~*~*~ (stealth).
  1777 | D:2      | Reached skill level 5 in Axes
  1977 | D:2      | Found Miru's Book Boutique.
  1978 | D:2      | 1978 ||| Stepping ~*~*~tactically~*~*~ (stealth).
  1991 | D:2      | HP: 6/26 [something (2)]
  2336 | D:2      | Found Deuniar's Assorted Antiques.
  2339 | D:2      | 2339 ||| SHOPLISTING +3 hat of Pondering {ponderous, Will+
                  | MP+10 Int+5} (876 gold, have 19).
  2339 | D:2      | 2339 ||| SHOPLISTING glowing orange potion (20 gold, have
                  | 19).
  2339 | D:2      | 2339 ||| SHOPLISTING puce potion (20 gold, have 19).
  2339 | D:2      | 2339 ||| SHOPLISTING ruby potion (20 gold, have 19).
  2339 | D:2      | 2339 ||| SHOPLISTING scroll labelled EMYAXZ MUGIPAWN (23
                  | gold, have 19).
  2339 | D:2      | 2339 ||| SHOPLISTING scroll labelled SYTIWU ZAMUG (23 gold,
                  | have 19).
  2339 | D:2      | 2339 ||| SHOPLISTING scroll of identify (46 gold, have 19).
  2480 | D:2      | 2480 ||| UPGRADING to +0 cloak.
  2485 | D:2      | 2485 ||| UPGRADING to +0 scale mail.
  2495 | D:2      | 2495 ||| DROPPING +0 ring mail.
  2496 | D:2      | 2496 ||| READING scroll labelled YTEIRCH ADUE.
  2497 | D:2      | 2497 ||| READING scroll labelled CUEWNE ELUD.
  2498 | D:2      | 2498 ||| READING scroll labelled EREMOO YTUEXKI.
  2499 | D:2      | 2499 ||| DRINKING 2 black potions.
  2500 | D:2      | 2500 ||| DROPPING potion of attraction.
  2501 | D:2      | 2501 ||| DROPPING potion of invisibility.
  2565 | D:3      | 2565 ||| READING scroll of enchant armour.
  2565 | D:3      | 2565 ||| ENCHANTING +0 cloak.
  2597 | D:3      | Found a shimmering blue altar of Sif Muna.
  2597 | D:3      | Found a sparkling altar of Nemelex Xobeh.
  2604 | D:3      | Found a glowing silver altar of Zin.
  2607 | D:3      | Found an ornate altar of the Wu Jian Council.
  2609 | D:3      | Found a hide-covered altar of Uskayaw.
  2611 | D:3      | Found a sacrificial altar of Ru.
  2611 | D:3      | Noticed Grinder
  2613 | D:3      | 2613 ||| Stepping ~*~*~tactically~*~*~ (hiding).
  2619 | D:3      | 2619 ||| FLEEEEING.
  2622 | D:3      | 2622 ||| FLEEEEING.
  2623 | D:3      | 2623 ||| FLEEEEING.
  2624 | D:3      | 2624 ||| FLEEEEING.
  2630 | D:3      | 2630 ||| FLEEEEING.
  2639 | D:3      | HP: 6/26 [Grinder (2)]
  2640 | D:3      | 2640 ||| READING scroll of teleportation.
  2641 | D:3      | 2641 ||| DRINKING 2 potions of heal wounds.
  2678 | D:3      | 2678 ||| Stepping ~*~*~tactically~*~*~ (stealth).
  2691 | D:3      | 2691 ||| Stepping ~*~*~tactically~*~*~ (stealth).
  2725 | D:3      | 2725 ||| READING scroll of enchant weapon.
  2725 | D:3      | 2725 ||| ENCHANTING +1 hand axe.
  3201 | D:3      | 3201 ||| Stepping ~*~*~tactically~*~*~ (hiding).
  3203 | D:3      | 3203 ||| Stepping ~*~*~tactically~*~*~ (hiding).
  3216 | D:3      | 3216 ||| Stepping ~*~*~tactically~*~*~ (hiding).
  3221 | D:3      | HP: 6/26 [Grinder (1)]
  3222 | D:3      | 3222 ||| DRINKING potion of heal wounds.
  3222 | D:3      | Paralysed by Grinder for 4 turns
  3229 | D:3      | HP: 6/26 [Grinder (1)]
  3231 | D:3      | HP: 2/26 [Grinder (3)]
  3232 | D:3      | Killed Grinder
  3233 | D:3      | Reached skill level 7 in Axes
  3233 | D:3      | Gained mutation: Your magical nature lets you fly swiftly
                  | and evasively. [Tengu growth]
  3233 | D:3      | Reached XP level 5. HP: 3/30 MP: 9/9
  3233 | D:3      | Reached XP level 6. HP: 3/35 MP: 10/10
  3555 | D:3      | Found a stormy altar of Qazlal.
  3560 | D:3      | 3560 ||| UPGRADING to +0 plate armour.
  3570 | D:3      | 3570 ||| DROPPING +0 scale mail.
  3571 | D:3      | 3571 ||| READING scroll labelled GYPTOI UPUARR.
  3672 | D:3      | 3672 ||| READING scroll labelled UTRUAG MORHI.
  3673 | D:3      | 3673 ||| READING scroll labelled SYTIWU ZAMUG.
  3674 | D:3      | 3674 ||| DRINKING 2 red potions.
  3675 | D:3      | 3675 ||| READING 2 scrolls of identify.
  3675 | D:3      | 3675 ||| IDENTIFYING bubbling inky potion
  3676 | D:3      | 3676 ||| DROPPING potion of lignification.
  3677 | D:3      | 3677 ||| DROPPING potion of flight.
  3678 | D:3      | 3678 ||| Stepping randomly (stuck).
  3679 | D:3      | 3679 ||| Stepping ~*~*~tactically~*~*~ (cloud).
  4002 | D:4      | 4002 ||| Stepping ~*~*~tactically~*~*~ (stealth).
  4008 | D:4      | Noticed Edmund
  4024 | D:4      | HP: 5/35 [Edmund/+2 dire flail of protection (7)]
  4025 | D:4      | HP: 1/35 [Edmund/+2 dire flail of protection (4)]
  4027 | D:4      | Slain by Edmund

Levels and vault maps discovered:
D:1:      saegor_arrival_simple_e, layout_basic,
          hellmonk_ecumenical_altar_zigzags, minmay_misc_feat_five,
          columned_hall_lemuel, nicolae_hexahallways, minmay_tromino_i4
D:2:      layout_basic, serial_shops, nicolae_shop_stone,
          nicolae_shop_hallway_stairs, nicolae_shop_behind_doors,
          nicolae_shop_hallway_stairs, minmay_3d_cube
D:3:      layout_basic, nicolae_overflow_hallway_of_the_gods, uniq_grinder
D:4:      layout_loops_cross, minmay_temple_entry_fiery, ebering_ghost_sewer_d,
          uniq_edmund

Skill      XL: |  1  2  3  4  5  6 |
---------------+-------------------+-----
Axes           | 3 4 7 |  7.2
Armour         | 2 |  2.0
Fighting       | |  2.0
Throwing       | |  1.0
Dodging        | |  2.1
Spellcasting   | |  2.0
Translocations | |  2.4

Action                   |  1- 3 |  4- 6 || total
-------------------------+-------+-------++-------
Melee: Hand axe          |    60 |    92 ||   152
       Kick              |    13 |    28 ||    41
       Peck              |     8 |    15 ||    23
       Punch             |       |     1 ||     1
Throw: Boomerang         |    41 |    33 ||    74
  Use: Scroll            |     5 |    10 ||    15
       Potion            |     2 |     4 ||     6
Armor: Leather armour    |    13 |       ||    13
       Ring mail         |     7 |    10 ||    17
       Scale mail        |       |     9 ||     9
       Plate armour      |       |    15 ||    15
Dodge: Dodged            |    25 |    29 ||    54

Table legend:
 A = Non-vault XP
 B = Vault XP
 C = Vault XP percentage of total XP
 D = Non-vault monster count
 E = Vault monster count
 F = Vault count percentage of total count
                 A         B        C        D         E       F
            +---------+---------+-------+---------+---------+-------
      Total |     208 |     293 |  58.5 |      69 |       6 |   8.0
            +---------+---------+-------+---------+---------+-------
        D:1 |      53 |       4 |   7.0 |      28 |       3 |   9.7
        D:2 |      67 |       3 |   4.3 |      20 |       2 |   9.1
        D:3 |      33 |     286 |  89.7 |      15 |       1 |   6.2
        D:4 |      55 |       0 |   0.0 |       6 |       0 |   0.0
            +---------+---------+-------+---------+---------+-------
